 Dungeon Crawl Stone Soup version 0.32-a0-768-g0f6f1dd4b9 (webtiles) character file.

Game seed: 8288503600439223235

243984 hikkokomori the Marksgoblin (level 19, -21/155 HPs)
             Began as a Coglin Hunter on Mar 19, 2024.
             Was the Champion of Okawaru.
             Shot with an arrow by a satyr (39 damage)
             ... on level 4 of the Shoals.
             The game lasted 01:21:09 (33146 turns).

hikkokomori the Marksgoblin (Coglin Hunter)        Turns: 33146, Time: 01:21:10

Health: -21/155    AC: 23    Str:  7    XL:     19   Next: 88%
Magic:  7/11       EV: 20    Int:  9    God:    Okawaru [******]
Gold:   2190       SH:  0    Dex: 25    Spells: 14/27 levels left

rFire   . . .        J - +2 hand cannon (antimagic) {Ekveer}
rCold   . . .        e - +9 hand cannon of Faamonaf {flame, rElec}
rNeg    . . .        u - +6 acid dragon scales
rPois   +            l - -1 helmet of Limited Liability {Harm rC- Will+++ Regen+}
rElec   +            d - +2 cloak {rPois}
rCorr   +            V - +1 pair of gloves of the Well-Known Quests {Rampage MP+9 Str-5 Slay+2}
SInv    .            Z - +1 pair of boots of Bedevilment {+Inv Fly Slay+2}
Will    ++++.        (amulet unavailable)
Stlth   ++++++       (ring unavailable)
HPRegen 1.25/turn    (ring unavailable)
MPRegen 0.12/turn    M - articulated assembler {AutoDazzle, rC+ Slay+3}

%: harm (+30% outgoing, +20% incoming), rampage
@: afraid, finesse-ful, marked, flying, studying 2 skills, revved
A: off-hand wielding, slow wielding, warmup strikes, no jewellery
}: 1/15 runes: gossamer
a: Renounce Religion, Evoke Invisibility, Heroism, Finesse, Duel


You were on level 4 of the Shoals.
You worshipped Okawaru.
Okawaru was exalted by your worship.
You visited 7 branches of the dungeon, and saw 33 of its levels.
You visited the Abyss 1 time.
You also visited: Trove, Ossuary, Bailey, Gauntlet and Ice Cave.

You collected 5244 gold pieces.
You spent 3054 gold pieces at shops.

Inventory:

Hand Weapons
 e - the +9 hand cannon of Faamonaf (offhand) {flame, rElec}
   (You acquired it on level 4 of the Dungeon)

   rElec:     It insulates you from electricity.
 J - a +2 antimagic hand cannon (weapon) {Ekveer}
Missiles
 r - 2 throwing nets
 E - 8 datura-tipped darts
Armour
 d - a +2 cloak of poison resistance (worn)
 k - the +1 ring mail of the Equator {rPois Regen+}
   (You found it on level 4 of the Shoals)

   rPois:     It protects you from poison.
   Regen+:    It increases your rate of health regeneration.
 l - the -1 helmet of Limited Liability (worn) {Harm rC- Will+++ Regen+}
   (You bought it in a shop on level 2 of the Elven Halls)

   rC-:       It makes you vulnerable to cold.
   Will+++:   It greatly increases your willpower.
   Regen+:    It increases your rate of health regeneration.
   Harm:      It increases damage dealt and taken.
 u - +6 acid dragon scales (worn)
 Q - the +2 helmet of the Untouchables {rElec rCorr}
   (You found it in a Gauntlet)

   rElec:     It insulates you from electricity.
   rCorr:     It protects you from acid and corrosion.
 V - the +1 pair of gloves of the Well-Known Quests (worn) {Rampage MP+9 Str-5 Slay+2}
   (You acquired it on level 14 of the Dungeon)

   Str-5:     It affects your strength (-5).
   Slay+2:    It affects your accuracy & damage with ranged weapons and melee
   (+2).
   MP+9:      It affects your magic capacity (+9).
   Rampage:   It bestows one free step when moving towards enemies.
 Z - the +1 pair of boots of Bedevilment (worn) {+Inv Fly Slay+2}
   (You acquired it on level 1 of the Elven Halls)

   Slay+2:    It affects your accuracy & damage with ranged weapons and melee
   (+2).
   +Inv:      It lets you turn invisible.
   Fly:       It grants you flight.
Gizmo
 M - an articulated assembler (installed) {AutoDazzle, rC+ Slay+3}
   (You invented it yourself on level 4 of the Lair of Beasts)

   [articulated assembler]

   AutoDazzle: It sometimes fires a blinding ray at enemies whose attacks you
   dodge.
   Slay+3:    It affects your accuracy & damage with ranged weapons and melee
   (+3).
   rC+:       It protects you from cold.
Wands
 b - a wand of paralysis (31)
 c - a wand of flame (84)
 v - a wand of roots (25)
 y - a wand of quicksilver (22)
 D - a wand of polymorph (12)
 F - a wand of digging (12)
 S - a wand of mindburst (23)
Scrolls
 a - a scroll of brand weapon
 h - 5 scrolls of blinking
 o - 8 scrolls of fear
 q - 8 scrolls of fog
 C - 7 scrolls of amnesia
 G - 4 scrolls of silence
 H - 5 scrolls of enchant armour
 I - a scroll of poison
 L - 2 scrolls of immolation
 N - 14 scrolls of identify
 X - 2 scrolls of revelation
 Y - 2 scrolls of vulnerability
Potions
 f - 5 potions of might
 g - 16 potions of heal wounds
 i - 5 potions of haste
 j - 4 potions of curing
 m - 2 potions of berserk rage
 n - 5 potions of enlightenment
 p - 5 potions of magic
 s - 4 potions of invisibility
 t - 6 potions of mutation
 x - 5 potions of lignification
 z - 7 potions of ambrosia
 B - a potion of cancellation
 R - 8 potions of brilliance
 U - a potion of resistance
 W - 4 potions of attraction
Miscellaneous
 w - a box of beasts
 P - a tin of tremorstones (1/2)
 T - a lightning rod (4/4)


   Skills:
 + Level 15.0 Fighting
 - Level 18.0 Ranged Weapons
 - Level 10.0 Armour
 + Level 12.8 Dodging
 - Level 13.0 Stealth
 + Level 4.7 Spellcasting
 - Level 11.0 Translocations
 - Level 6.6 Invocations
 - Level 14.5 Evocations


You had 14 spell levels left.
You knew the following spells:

 Your Spells              Type           Power      Damage    Failure   Level
a - Inner Flame           Hex/Fire       2%         N/A       77%         3
b - Dispersal             Tloc           10%        N/A       56%         6
c - Passage of Golubria   Tloc           21%        N/A       4%          4

Your spell library contained the following spells:

 Spells                   Type           Power      Damage    Failure   Level
 Manifold Assault         Tloc           21%        N/A       4%          4
 Kiss of Death            Conj/Necr      8%         2d6       38%         1
 Sandblast                Erth           4%         2d4       38%         1
 Shock                    Conj/Air       8%         1d3       38%         1
 Slow                     Hex            8%         N/A       38%         1
 Vhi's Electric Charge    Tloc/Air       24%        N/A       38%         4
 Confusing Touch          Hex            2%         N/A       77%         3
 Frozen Ramparts          Ice            4%         1d1       77%         3
 Ozocubu's Armour         Ice            2%         N/A       77%         3
 Stone Arrow              Conj/Erth      4%         3d7       77%         3
 Swiftness                Air            2%         N/A       77%         3
 Vampiric Draining        Necr           2%         2d6       77%         3
 Airstrike                Air            1%         2d(1-17)  99%         4
 Anguish                  Hex/Necr       1%         N/A       99%         4
 Brom's Barrelling Bould  Conj/Erth      2%         2d3       99%         4
 Cause Fear               Hex            1%         N/A       99%         4
 Dispel Undead            Necr           2%         3d7       99%         4
 Flame Wave               Conj/Fire      2%         2d4       99%         4
 Sticky Flame             Fire/Alch      2%         2d4       99%         4
 Lee's Rapid Deconstruct  Erth           1%         3d4*      100%        5
 Metabolic Englaciation   Hex/Ice        1%         N/A       100%        5
 Yara's Violent Unravell  Hex/Alch       1%         3d3       100%        5
 Enfeeble                 Hex            1%         N/A       100%        7
 Disjunction              Tloc           10%        N/A       100%        8
 Lehudib's Crystal Spear  Conj/Erth      1%         10d2      100%        8
 Tukima's Dance           Hex            Unusable   N/A       N/A         3
 Animate Armour           Summ/Erth      Unusable   N/A       N/A         4
 Summon Lightning Spire   Summ/Air       Unusable   N/A       N/A         4

Dungeon Overview and Level Annotations

Branches:
Dungeon (15/15)            Temple (0/1) D:6            Lair (5/5) D:9
 Shoals (4/4) Lair:3       Spider (4/4) Lair:2        Slime (1/5) Lair:4
    Orc (2/2) D:12            Elf (2/3) Orc:2        Vaults (0/5) D:13
 Depths (0/4) D:15        Ossuary (visited)          Bailey (visited)
  IceCv (visited)         Gauntlet (visited)

Altars:
Ashenzari
Cheibriados
Dithmenos
Elyvilon
Gozag
Hepliaklqana
Kikubaaqudgha
Nemelex Xobeh
Okawaru
Qazlal
Ru
Uskayaw
Wu Jian
Yredelemnul
Zin
Jiyva
Lugonu

Shops:
D:1 [   D:13 [   Orc:2 :*[(   Elf:2 :?[(*   Shoals:1 :   Shoals:3 *

Portals:
Abyss: Lair:5

Annotations:
D:1 1 transporter
Lair:1 2 runed translucent doors, Gaikhule's ghost, journeyman FoHu
Shoals:3 3 runed translucent doors, Bunar's ghost, journeyman FeSh; Hicvu's ghost, adept DsGl; Taer's ghost, adept CoFi; Xacloem's ghost, adept OnFE
Elf:2 3 runed translucent doors


Innate Abilities, Weirdness & Mutations

You can wield a second weapon in your off-hand.
It takes a long time for you to wield or remove held weapons.
Your first few attacks do less damage.
You cannot equip rings or amulets.


Message History

Okawaru accepts your kill.
You shoot a slug. The slug hits the water elemental!!
The slug burns the water elemental!
You destroy the water elemental!
Okawaru accepts your kill. The water engulfing you falls away.
You gasp with relief as air once again reaches your lungs.
The faun's magic is no longer disrupted.
The satyr is engulfed in poison gas.
The satyr looks even sicker.
The satyr unwields a +0 quarterstaff.
The satyr wields a +0 longbow.
The satyr shoots an arrow.
The arrow hits you but does no damage.
The satyr unwields a +0 spear.
The satyr wields a +0 longbow.
The satyr shoots an arrow.
The arrow hits you but does no damage.
The satyr is engulfed in poison gas.
The satyr looks even sicker.
The satyr shoots an arrow.
The arrow hits you!!
* * * LOW HITPOINT WARNING * * *
The satyr is engulfed in poison gas.
The satyr looks even sicker.
A satyr comes into view. It is wielding a +0 spear.
You feel much better.
The sphinx is engulfed in poison gas.
The sphinx looks even sicker.
The sphinx casts a spell.
You resist with almost no effort.
The minotaur is engulfed in poison gas.
The minotaur is poisoned.
The merfolk siren chants a haunting song.
You resist with almost no effort.
The merfolk siren chants a haunting song.
You resist with almost no effort.
The faun shoots a sling bullet.
The sling bullet misses you.
A merfolk comes into view. It is wielding a +0 spear.
The satyr is engulfed in poison gas.
The satyr looks as sick as possible!
The satyr shoots an arrow.
The arrow hits you!!
* * * LOW HITPOINT WARNING * * *
The satyr plays a frightful melody on its pipes!
The satyr radiates an aura of fear!
You resist with almost no effort.
The satyr plays a frightful melody on its pipes!
The satyr radiates an aura of fear!
You are terrified of the satyr!
The satyr shoots an arrow.
The arrow hits you but does no damage.
The satyr shoots an arrow.
The arrow hits you!!
You die... ○c #○c○# ☼mm

##H# #○°§# cH##
#○mm##°c.##§c§##
~○.§°#ß.$#○°§§.c
.☼§§°H§§§☼○c☼§○# .
§§☼§#○§°°§☼°~°# #~.
°○○☼c☼°○○○○°○§# #~~# #§☼@# #~~#
~~#### ###ß°ß#########~~~#
~~#..###§°☼°☼§~#.##.#~~~##≈ ≈≈.
~~~~~§§○○☼°§☼§§~~~~~~~~#.≈≈
≈≈~##~~~~○§§○§#○§○§§...~~~##~≈≈
≈≈~~##~~.☼°°☼#§☼☼#○§§..~~##~~≈≈
≈≈~~~###.#§§§#☼§§#○○##.##.~~~≈≈
≈≈~~~~##.#°§.○§§§#+☼°##..~~~~≈≈
≈≈~~~~~~~~~~~#~..#~~~~~~~~~~~≈≈


You could see a sphinx (very poisoned), a minotaur (poisoned), 7 satyrs, 2
merfolk, a faun (strong, very poisoned), 2 merfolk sirens and a harpy.

Vanquished Creatures
  Nikola (Shoals:2)
  Rupert (Orc:2)
  A kraken (Shoals:2)
  A tentacled starspawn (Abyss:2)
  Gastronok (Orc:1)
  Polyphemus (Shoals:2)
  Donald (Shoals:1)
  Roxanne (Shoals:1)
  Ilsuiw (Shoals:2)
  A rockslime (Lair:4)
  A vault warden (D:13)
  A deep elf elementalist (Elf:1)
  An emperor scorpion (Spider:4)
  5 ghost moths
  2 orc warlords (Orc:2)
  5 broodmothers
  2 very ugly things (IceCv)
  Azrael (Orc:1)
  A minotaur (Gauntlet)
  4 spark wasps
  Snorg (Orc:1)
  Josephine (Lair:5)
  An ettin (D:15)
  A merfolk javelineer (Shoals:3)
  A merfolk impaler (Shoals:1)
  7 entropy weavers
  2 vault guards (D:13)
  7 hydras
  2 jorogumos
  A catoblepas (Shoals:2)
  6 centaur warriors
  Erolcha (Orc:2)
  2 caustic shrike simulacra (IceCv)
  An alligator snapping turtle (Shoals:3)
  6 two-headed ogres
  2 radroaches (Spider:4)
  3 merfolk avatars
  5 satyrs
  4 boulder beetles
  16 dancing weapons
  5 demonic crawlers
  3 merfolk aquamancers
  5 death yaks
  An occultist (D:15)
  6 tengu warriors
  6 orc high priests
  2 thrashing horrors (Lair:5)
  Urug (Orc:2)
  Sonja (D:13)
  6 deep elf knights
  A wretched star (Abyss:2)
  3 pharaoh ants
  4 skeletal warriors (D:13)
  17 sea snakes
  A sixfirhy (Abyss:2)
  7 skysharks
  Lodul (D:13)
  A death drake (shapeshifter) (D:13)
  A deep troll (D:15)
  13 orb spiders
  An obsidian statue (D:11)
  An arcanist (D:15)
  2 deep elf archers (Elf:2)
  A fenstrider witch simulacrum (Abyss:2)
  An orange crystal statue (IceCv)
  5 thermic dynamos
  5 orc knights
  2 lightning spires (Gauntlet)
  Pikel (D:5)
  11 deep elf zephyrmancers
  6 orc sorcerers
  6 steelbarb worms
  10 ugly things
  4 oklob plants
  23 harpies
  13 fauns
  18 deep elf pyromancers
  6 cyclopes
  A shining eye (shapeshifter) (Elf:2)
  Maurice (D:10)
  14 wolf spiders
  14 manticores
  An apocalypse crab (Abyss:2)
  2 large abominations
  3 moths of wrath
  11 meliai
  A kobold blastminer (Orc:2)
  2 black mambas
  A worldbinder (Gauntlet)
  14 merfolk sirens
  5 smoke demons
  4 elephants (Lair:3)
  2 water nymphs
  7 torpor snails
  A gargoyle (D:11)
  9 cane toads
  An orange demon (Abyss:2)
  Maggie (D:6)
  3 unseen horrors
  A rime drake (Lair:3)
  An anaconda simulacrum (IceCv)
  9 komodo dragons
  3 freezing wraiths
  3 ancient zymes (Abyss:2)
  A tengu conjurer (D:15)
  A polar bear (Lair:3)
  6 trolls
  18 tarantellas
  7 wind drakes
  23 merfolk
  A hellwing (Abyss:2)
  Prince Ribbit (D:5)
  9 raiju
  6 snapping turtles
  25 blink frogs
  An alligator simulacrum (IceCv)
  12 dream sheep
  Sigmund (D:5)
  5 slime creatures
  8 wraiths
  31 jumping spiders
  An air elemental (Elf:1)
  4 shadows
  8 water elementals
  6 wyverns
  2 ynoxinuls
  A dire elephant simulacrum (IceCv)
  16 culicivoras
  2 vampires (D:11)
  7 fire elementals
  19 humans (D:13)
  53 yaks
  A steam dragon (Gauntlet)
  9 basilisks
  A basilisk (shapeshifter) (D:15)
  Grum (D:8)
  2 wargs (Orc:2)
  41 redbacks
  A chaos spawn (Abyss:2)
  2 humans (shapeshifter) (D:15)
  A harpy simulacrum (IceCv)
  An acid dragon (shapeshifter) (Lair:5)
  20 water moccasins
  A hydra simulacrum (IceCv)
  3 hell hounds
  42 orc warriors
  An ettin simulacrum (IceCv)
  A laughing skull (Abyss:2)
  A swamp dragon zombie (Abyss:2)
  5 black bears
  7 ogres
  10 wolves
  2 boggarts (Gauntlet)
  14 centaurs
  3 phantoms
  A lemure (D:5)
  2 elf zombies (Ossuary)
  3 kobold brigands
  A weeping skull (D:6)
  18 bullfrogs
  2 gnoll sergeants
  An earth elemental (Elf:1)
  5 scorpions
  A water moccasin zombie (D:6)
  14 small abominations
  5 wights
  11 killer bees
  An electric eel (Elf:2)
  6 howler monkeys
  3 centaur zombies
  3 bullfrog zombies (D:6)
  5 human zombies
  2 hounds
  2 bombardier beetles
  A gnoll bouda (D:7)
  An iron imp (Abyss:2)
  4 jellies
  32 orc priests
  35 orc wizards
  5 iguanas
  2 hound zombies (Ossuary)
  4 mummies
  13 gnolls
  8 adders
  3 white imps
  6 ufetubi
  5 adder zombies (Ossuary)
  5 dart slugs
  2 ribbon worms
  96 orcs
  6 endoplasms
  6 giant cockroaches
  4 gnoll zombies (Ossuary)
  6 goblins
  8 hobgoblins
  4 jackals (D:3)
  4 quokkas
  6 ball pythons
  4 bats
  4 frilled lizards
  3 jackal zombies (Ossuary)
  17 kobolds
  8 kobold zombies (Ossuary)
  8 orc zombies (Ossuary)
  5 rats
  3 tentacles (Shoals:2)
1268 creatures vanquished.

Vanquished Creatures (others)
  A sea snake (Shoals:4)
  A manticore (Shoals:4)
  A human (D:4)
  2 starspawn tentacles (Abyss:2)
  3 tentacles (Shoals:2)
8 creatures vanquished.

Grand Total: 1276 creatures vanquished

Notes
Turn   | Place    | Note
-------+----------+-------------------------------------------
     0 | D:1      | hikkokomori the Coglin Hunter began the quest for the Orb.
     0 | D:1      | Reached XP level 1. HP: 16/16 MP: 1/1
    50 | D:1      | Found Heticw's Antique Armour Shop.
    93 | D:1      | You fall into a shaft and drop 1 floor!
    96 | D:2      | Reached XP level 2. HP: 23/23 MP: 2/2
   187 | D:1      | Reached skill level 4 in Ranged Weapons
   298 | D:1      | Reached XP level 3. HP: 27/28 MP: 3/3
  1038 | D:2      | Found a faded altar of an unknown god.
  1219 | D:3      | Reached XP level 4. HP: 35/35 MP: 4/4
  1677 | D:4      | Identified 3 scrolls of acquirement
  1679 | D:4      | Acquired the +9 hand cannon of Faamonaf {flame, rElec}
  1757 | D:4      | Reached XP level 5. HP: 42/42 MP: 5/5
  1768 | D:4      | Found a sand-covered staircase.
  1784 | D:4      | Found a sacrificial altar of Ru.
  1864 | D:4      | Reached skill level 1 in Stealth
  1887 | D:4      | Acquired a manual of Stealth
  1889 | D:4      | Acquired 665 gold pieces
  1893 | Ossuary  | Entered an ossuary
  1907 | Ossuary  | Reached skill level 5 in Ranged Weapons
  1927 | Ossuary  | Reached XP level 6. HP: 48/48 MP: 6/6
  2141 | Ossuary  | Reached skill level 5 in Fighting
  2144 | Ossuary  | Reached XP level 7. HP: 51/56 MP: 7/7
  2349 | D:4      | Found a white marble altar of Elyvilon.
  2355 | D:4      | Reached skill level 6 in Ranged Weapons
  2404 | D:4      | Found an ancient bone altar of Kikubaaqudgha.
  2405 | D:4      | Noticed a human
  2407 | D:4      | Killed a human
  2917 | D:5      | Entered Level 5 of the Dungeon
  2948 | D:5      | Reached skill level 1 in Evocations
  2955 | D:5      | Reached XP level 8. HP: 64/64 MP: 8/8
  3041 | D:5      | Noticed Prince Ribbit
  3045 | D:5      | Killed Prince Ribbit
  3103 | D:5      | Noticed Sigmund
  3105 | D:5      | Killed Sigmund
  3106 | D:5      | Reached skill level 7 in Ranged Weapons
  3124 | D:5      | Reached skill level 5 in Stealth
  3124 | D:5      | Noticed Pikel
  3130 | D:5      | Killed Pikel
  3131 | D:5      | Reached skill level 5 in Evocations
  3131 | D:5      | Reached XP level 9. HP: 66/72 MP: 9/9
  3334 | D:5      | Found an iron altar of Okawaru.
  3342 | D:5      | Became a worshipper of Warmaster Okawaru
  3558 | D:6      | Learned a level 3 spell: Inner Flame
  3646 | D:6      | Noticed Maggie
  3656 | D:6      | Killed Maggie
  3824 | D:6      | Reached * piety under Okawaru
  3857 | D:6      | Found an ornate altar of the Wu Jian Council.
  3911 | D:6      | Found an opulent altar of Gozag.
  4184 | D:6      | Found a glowing silver altar of Zin.
  4185 | D:6      | Noticed an angel
  4337 | D:6      | Found a staircase to the Ecumenical Temple.
  4492 | D:6      | Reached skill level 1 in Invocations
  4498 | D:6      | Reached skill level 8 in Ranged Weapons
  4598 | D:6      | Found a basalt altar of Yredelemnul.
  4615 | D:6      | Reached XP level 10. HP: 80/80 MP: 11/11
  4879 | D:7      | Found a stormy altar of Qazlal.
  4933 | D:7      | Found a broken altar of Ashenzari.
  5044 | D:7      | Reached ** piety under Okawaru
  5287 | D:7      | Found a sparkling altar of Nemelex Xobeh.
  5782 | D:8      | Reached *** piety under Okawaru
  5880 | D:8      | Found a hazy altar of Hepliaklqana.
  5920 | D:8      | Found a flagged portal.
  5945 | Bailey   | Entered a bailey
  6057 | Bailey   | Reached skill level 9 in Ranged Weapons
  6061 | Bailey   | Noticed an orc knight
  6066 | Bailey   | Killed an orc knight
  6157 | D:8      | Found a shadowy altar of Dithmenos.
  6197 | D:8      | Reached skill level 1 in Armour
  6197 | D:8      | Reached XP level 11. HP: 58/87 MP: 12/12
  6199 | D:8      | Reached skill level 10 in Ranged Weapons
  6346 | D:8      | Noticed Grum
  6356 | D:8      | Killed Grum
  6358 | D:8      | Reached **** piety under Okawaru
  6761 | D:9      | Reached ***** piety under Okawaru
  6772 | D:9      | Found a staircase to the Lair.
  6868 | D:9      | Reached skill level 10 in Stealth
  7652 | D:10     | Entered Level 10 of the Dungeon
  7723 | D:10     | Noticed Maurice
  7727 | D:10     | Killed Maurice
  7770 | D:10     | Found a snail-covered altar of Cheibriados.
  7960 | D:10     | Noticed a two-headed ogre
  7964 | D:10     | Killed a two-headed ogre
  8027 | D:10     | Received a gift from Okawaru
  8028 | D:10     | Reached skill level 5 in Dodging
  8028 | D:10     | Reached XP level 12. HP: 94/94 MP: 13/13
  8137 | D:11     | Noticed a two-headed ogre
  8142 | D:11     | Killed a two-headed ogre
  8147 | D:11     | Reached skill level 11 in Ranged Weapons
  8148 | D:11     | Noticed a boulder beetle
  8153 | D:11     | Killed a boulder beetle
  9074 | Lair:1   | Entered Level 1 of the Lair of Beasts
  9235 | Lair:1   | Identified the +5 flail of Qahim {flame, Fly Str+5}
  9318 | Lair:1   | Received a gift from Okawaru
  9322 | Lair:1   | Reached skill level 10 in Evocations
  9589 | Lair:1   | Found a large runed translucent door.
  9590 | Lair:1   | Found a large runed translucent door.
  9594 | Lair:1   | Noticed Gaikhule's ghost (journeyman FoHu)
  9787 | Lair:2   | Noticed a death yak
  9795 | Lair:2   | Noticed a death yak
  9795 | Lair:2   | Noticed a death yak
  9798 | Lair:2   | Killed a death yak
  9799 | Lair:2   | Reached skill level 5 in Invocations
  9803 | Lair:2   | Killed a death yak
  9807 | Lair:2   | Killed a death yak
 10053 | Lair:2   | Reached skill level 12 in Ranged Weapons
 10084 | Lair:2   | Received a gift from Okawaru
 10085 | Lair:2   | Reached XP level 13. HP: 99/99 MP: 17/17
 10249 | Lair:2   | Found a hole to the Spider Nest.
 10796 | Lair:3   | Received a gift from Okawaru
 10951 | Lair:3   | Found a staircase to the Shoals.
 11334 | Lair:3   | Reached ****** piety under Okawaru
 11335 | Lair:3   | Reached skill level 5 in Armour
 11340 | Lair:3   | Received a gift from Okawaru
 11344 | Lair:3   | Acquired a +0 antimagic hand cannon
 11344 | Lair:3   | Received a gift from Okawaru
 11481 | Lair:3   | Acquired the +1 pair of boots of Okawaru's Fury {Rampage
                  | Str+3}
 11481 | Lair:3   | Received a gift from Okawaru
 11707 | Lair:4   | Reached skill level 13 in Ranged Weapons
 11821 | Lair:4   | Received a gift from Okawaru
 11868 | Lair:4   | Reached XP level 14. HP: 106/106 MP: 18/18
 11868 | Lair:4   | Acquired an articulated assembler {AutoDazzle, rC+ Slay+3}
 11935 | Lair:4   | Found a gate leading to a gauntlet.
 11945 | Gauntlet | Entered a Gauntlet
 11945 | Gauntlet | Found a transporter.
 11945 | Gauntlet | Found a transporter.
 11951 | Gauntlet | Found a transporter.
 11963 | Gauntlet | Found a transporter.
 11981 | Gauntlet | Found a transporter.
 11981 | Gauntlet | Found a transporter.
 11981 | Gauntlet | Found a transporter.
 11983 | Gauntlet | Found a transporter.
 11983 | Gauntlet | Found a transporter.
 11988 | Gauntlet | Found a runed translucent door.
 11993 | Gauntlet | Found a runed translucent door.
 11995 | Gauntlet | Found a transporter.
 12011 | Gauntlet | Found a transporter.
 12021 | Gauntlet | Found a transporter.
 12026 | Gauntlet | Found a transporter.
 12060 | Gauntlet | Found a transporter.
 12180 | Gauntlet | Identified the +1 leather armour of Nemoum {^Drain Fly rF-
                  | Str+5}
 12200 | Gauntlet | Identified the ring of Ynnis {Ice ^Drain rPois rCorr Int+3}
 12240 | Gauntlet | Identified the +2 helmet of the Untouchables {rElec rCorr}
 12279 | Gauntlet | Identified the +0 chain mail "Dujatoin" {Harm rPois rC++
                  | Dex-4}
 12581 | Gauntlet | Got Sif Muna's Handbook of the Singularity and the Fifth
                  | Circle
 12713 | Lair:4   | Received a gift from Okawaru
 12845 | Lair:4   | Found a viscous altar of Jiyva.
 12850 | Lair:4   | Found a staircase to the Slime Pits.
 13087 | Lair:5   | Entered Level 5 of the Lair of Beasts
 13272 | Lair:5   | Noticed Josephine
 13276 | Lair:5   | Killed Josephine
 13462 | Lair:5   | Received a gift from Okawaru
 13921 | Lair:5   | Received a gift from Okawaru
 13922 | Lair:5   | Reached skill level 14 in Ranged Weapons
 14034 | Lair:5   | Found a corrupted altar of Lugonu.
 14034 | Lair:5   | Found a one-way gate to the infinite horrors of the Abyss.
 14049 | Lair:5   | Identified the +6 whip "Imoazofo" {venom, rElec rC- Int+4}
 14629 | D:12     | Found a staircase to the Orcish Mines.
 14721 | D:12     | Reached XP level 15. HP: 115/115 MP: 19/19
 14804 | Orc:1    | Entered Level 1 of the Orcish Mines
 14815 | Orc:1    | Reached skill level 10 in Fighting
 14943 | Orc:2    | Entered Level 2 of the Orcish Mines
 14953 | Orc:2    | Noticed Urug
 15055 | Orc:2    | Noticed Azrael
 15056 | Orc:2    | Killed Urug
 15326 | Orc:2    | Noticed Snorg
 15337 | Orc:1    | Killed Snorg
 15337 | Orc:1    | Received a gift from Okawaru
 15566 | Orc:1    | Killed Azrael
 15728 | Orc:2    | Found a staircase to the Elven Halls.
 15765 | Orc:2    | Noticed an orc warlord
 15774 | Orc:2    | Killed an orc warlord
 15922 | Orc:1    | Noticed Gastronok
 15929 | Orc:1    | Killed Gastronok
 16276 | Orc:2    | Noticed Erolcha
 16280 | Orc:2    | Killed Erolcha
 16440 | Orc:2    | Noticed Rupert
 16448 | Orc:2    | Paralysed by Rupert for 5 turns
 16461 | Orc:2    | Killed Rupert
 16512 | Orc:2    | Received a gift from Okawaru
 16546 | Orc:2    | Noticed an orc warlord
 16553 | Orc:2    | Killed an orc warlord
 16708 | Orc:2    | Found Xoeriulo's Antique Armour Shop.
 16709 | Orc:2    | Found Qahar's Antique Weapon Shop.
 16711 | Orc:2    | Found Idich's General Store.
 16711 | Orc:2    | Found Leruuluam's Book Boutique.
 16727 | Orc:2    | Bought a lightning rod (4/4) for 480 gold pieces
 16727 | Orc:2    | Bought a potion of resistance for 120 gold pieces
 16779 | Orc:2    | Learned a level 6 spell: Dispersal
 16874 | D:13     | Found a transporter.
 16998 | D:13     | Found a transporter.
 16999 | D:13     | Found an ornate altar of the Wu Jian Council.
 16999 | D:13     | Noticed a vault warden
 17018 | D:13     | Reached skill level 1 in Translocations
 17052 | D:13     | Noticed Lodul
 17088 | D:13     | Received a gift from Okawaru
 17104 | D:13     | Killed Lodul
 17167 | D:13     | Found a gate to the Vaults.
 17270 | D:13     | Found Meujots's Armour Shoppe.
 17302 | D:13     | Noticed Sonja
 17307 | D:13     | Killed Sonja
 17308 | D:13     | Reached XP level 16. HP: 125/125 MP: 20/20
 17337 | D:13     | Found a transporter.
 17341 | D:13     | Found an ornate altar of the Wu Jian Council.
 17343 | D:13     | Found a transporter.
 17359 | D:13     | Reached skill level 15 in Ranged Weapons
 17365 | D:13     | Found a hide-covered altar of Uskayaw.
 18010 | D:13     | Reached skill level 10 in Dodging
 18153 | D:14     | Acquired the +1 pair of gloves of the Well-Known Quests
                  | {Rampage MP+9 Str-5 Slay+2}
 18849 | D:15     | Entered Level 15 of the Dungeon
 18850 | Abyss:2  | Cast into level 2 of the Abyss (an occultist)
 18992 | Abyss:2  | Found a corrupted altar of Lugonu.
 19001 | Abyss:2  | Received a gift from Okawaru
 19028 | Abyss:2  | Found a corrupted altar of Lugonu.
 19028 | Abyss:2  | Found a corrupted altar of Lugonu.
 19105 | Abyss:2  | Noticed a tentacled starspawn
 19109 | Abyss:2  | Killed a tentacled starspawn
 19172 | D:15     | Escaped the Abyss
 19274 | D:15     | Found a staircase to the Depths.
 19594 | D:15     | Received a gift from Okawaru
 20392 | Spider:1 | Entered Level 1 of the Spider Nest
 20759 | Spider:1 | Reached skill level 16 in Ranged Weapons
 20877 | Spider:1 | Received a gift from Okawaru
 21806 | Spider:2 | Reached XP level 17. HP: 133/133 MP: 10/21
 22090 | Spider:2 | Received a gift from Okawaru
 22117 | Spider:2 | HP: 5/126 [jorogumo (8)]
 23770 | Elf:1    | Entered Level 1 of the Elven Halls
 23782 | Elf:1    | Received a gift from Okawaru
 23922 | Elf:1    | Acquired the +1 pair of boots of Bedevilment {+Inv Fly
                  | Slay+2}
 23943 | Elf:1    | Reached skill level 17 in Ranged Weapons
 25110 | Elf:2    | Found Diurphom's Gadget Gallery.
 25118 | Elf:2    | Bought a wand of roots (7) for 218 gold pieces
 25118 | Elf:2    | Bought a wand of roots (4) for 124 gold pieces
 25185 | Elf:2    | Received a gift from Okawaru
 25223 | Elf:2    | Reached skill level 5 in Translocations
 25332 | Elf:2    | Found a portal to a secret trove of treasure.
 25504 | Elf:2    | Found a runed translucent gate.
 25504 | Elf:2    | Found a runed translucent gate.
 25504 | Elf:2    | Found a runed translucent gate.
 25582 | Elf:2    | Found Geudil's Antique Armour Shop.
 25584 | Elf:2    | Found Niubuom's Book Shoppe.
 25584 | Elf:2    | Found Xesarghoe's Magic Scroll Emporium.
 25585 | Elf:2    | Found Wynlaath's Weapon Shoppe.
 25591 | Elf:2    | Bought a scroll of enchant weapon for 142 gold pieces
 25591 | Elf:2    | Bought a scroll of teleportation for 57 gold pieces
 25591 | Elf:2    | Bought a scroll of fog for 76 gold pieces
 25598 | Elf:2    | Bought a blackened helmet for 209 gold pieces
 25598 | Elf:2    | Identified the -1 helmet of Limited Liability {Harm rC-
                  | Will+++ Regen+} (You bought it in a shop on level 2 of the
                  | Elven Halls)
 25598 | Elf:2    | Bought a twisted robe for 125 gold pieces
 25598 | Elf:2    | Identified the +2 robe of True Grit {rN+ Archmagi} (You
                  | bought it in a shop on level 2 of the Elven Halls)
 25598 | Elf:2    | Bought a runed cloak for 165 gold pieces
 25953 | Slime:1  | Entered Level 1 of the Pits of Slime
 26478 | Spider:3 | Reached XP level 18. HP: 144/144 MP: 10/22
 26972 | Spider:3 | Identified the +4 trident "Meenwy" {heavy, rC+ Dex+3
                  | Stlth+}
 27493 | Spider:4 | Entered Level 4 of the Spider Nest
 27500 | Spider:4 | Received a gift from Okawaru
 27501 | Spider:4 | Reached skill level 18 in Ranged Weapons
 28211 | Spider:4 | Received a gift from Okawaru
 28501 | Spider:4 | Got a gossamer rune of Zot
 29047 | Shoals:1 | Entered Level 1 of the Shoals
 29047 | Shoals:1 | Noticed Donald
 29054 | Shoals:1 | Killed Donald
 29065 | Shoals:1 | Received a gift from Okawaru
 29114 | Shoals:1 | Found a glacial archway.
 29161 | IceCv    | Entered an ice cave
 29173 | IceCv    | Found a transporter.
 29190 | IceCv    | Found a transporter.
 29477 | IceCv    | Learned a level 4 spell: Passage of Golubria
 29492 | IceCv    | HP: 4/146 [freezing wraith (8)]
 29879 | IceCv    | Reached skill level 10 in Translocations
 29932 | Shoals:1 | Reached skill level 1 in Spellcasting
 30153 | Shoals:1 | Noticed Roxanne
 30162 | Shoals:1 | Killed Roxanne
 30171 | Shoals:1 | Found Visedghank's Self-Improvement Boutique.
 30187 | Shoals:1 | Bought a manual of Dodging for 1200 gold pieces
 30195 | Shoals:1 | Reached XP level 19. HP: 152/152 MP: 10/23
 30933 | Elf:2    | You paid a toll of 12 scrolls of teleportation to enter a
                  | treasure trove
 30934 | Trove    | Entered a treasure trove
 30939 | Trove    | Found the +3 pair of seven-league boots {Rampage+∞}
 30962 | Trove    | Identified the +1 buckler of Inevitability {Dex+3 SInv}
 31238 | Shoals:2 | Received a gift from Okawaru
 31241 | Shoals:2 | Noticed Ilsuiw
 31255 | Shoals:2 | Killed Ilsuiw
 31358 | Shoals:2 | Noticed Polyphemus
 31371 | Shoals:2 | Killed Polyphemus
 31569 | Shoals:2 | Received a gift from Okawaru
 31814 | Shoals:2 | Noticed Nikola
 31831 | Shoals:2 | Killed Nikola
 32324 | Shoals:3 | Found Etudoump's Assorted Antiques.
 32327 | Shoals:3 | Bought a potion of curing for 69 gold pieces
 32327 | Shoals:3 | Bought a potion of curing for 69 gold pieces
 32335 | Shoals:3 | Received a gift from Okawaru
 32449 | Shoals:3 | Found a runed translucent gate.
 32450 | Shoals:3 | Found a runed translucent gate.
 32451 | Shoals:3 | Found a runed translucent gate.
 32452 | Shoals:3 | Noticed Bunar's ghost (journeyman FeSh)
 32453 | Shoals:3 | Noticed Hicvu's ghost (adept DsGl)
 32453 | Shoals:3 | Noticed Taer's ghost (adept CoFi)
 32453 | Shoals:3 | Noticed Xacloem's ghost (adept OnFE)
 32911 | Shoals:4 | Entered Level 4 of the Shoals
 33056 | Shoals:4 | Reached skill level 10 in Armour
 33096 | Shoals:4 | Identified the +1 ring mail of the Equator {rPois Regen+}
 33127 | Shoals:4 | Received a gift from Okawaru
 33140 | Shoals:4 | Reached skill level 15 in Fighting
 33146 | Shoals:4 | Shot with an arrow by a satyr

Illustrated notes

Levels and vault maps discovered:
D:1:      spicycebolla_arrival_risky_transporter, layout_basic, serial_shops,
          shop
D:2:      layout_rooms, shapermc_ecumenical_altar_flowoftime,
          minmay_misc_feat_encased, minmay_worlds_worst_comb
D:3:      layout_rooms
D:4:      layout_basic, tgw_kikubaaqudgha, mainiacjoe_overflow_alcove_4,
          nicolae_ru_sacrificial_ziggurat, nicolae_ossuary_entry_false_entrances
D:5:      layout_cave_pools, hellmonk_okawaru_the_only_friend_you_need,
          nicolae_kite_square_tiling_tiny, mrwooster_statue_mirror,
          minmay_manual_mail, uniq_pikel, uniq_sigmund, uniq_prince_ribbit1
D:6:      layout_basic, lemuel_mausoleum_altar_yredelemnul, zin_angel,
          nicolae_gozag_cash_rules_everything_around_me,
          pdpol_wu_jian_five_deadly_venoms, minmay_temple_entry_from_below_a,
          uniq_maggie
D:7:      layout_basic, general_overflow_altar,
          mainiacjoe_overflow_cross_hatched, nicolae_overflow_crystal_walls
D:8:      layout_gridville, mainiacjoe_overflow_brackets, lemuel_crystal_altar,
          enter_bailey_7, uniq_grum
D:9:      minmay_goldmine, layout_loops_ring, due_lair_maze_entry_diamond
D:10:     layout_rooms, slow_altar_1, uniq_maurice
D:11:     layout_basic, minmay_statue_bubble
D:12:     layout_rooms, hiddenorc1_lemuel
D:13:     dreamdust_wu_jian_sword_trials, layout_cave_pods, david_vaults_3,
          serial_shops, nicolae_shop_competitors_out_of_business, st_stairs_14,
          eat_drink_and_be_merry_uskayaw, uniq_sonja
D:14:     layout_gridville, nicolae_concentric_dashed_squares_wild
D:15:     hangedman_depths_entry_civil_slaughter, layout_loops_corners
Lair:1:   layout_loops_ring, ebering_ghost_disaster_area,
          chequers_serial_rivers_micro_e, pond, infiniplex_staircase_pool_2
Lair:2:   layout_roguey, nicolae_spider_entry_tight_spaces, lemuel_fruit_fields,
          grunt_megastairs_4
Lair:3:   layout_misc_corridors, minmay_shoals_entry_centaurs,
          chequers_serial_rivers_marsh, grunt_megastairs_2
Lair:4:   layout_misc_corridors, minmay_slime_entry_oklob_enclosed,
          gauntlet_entry_generic, grunt_megastairs_5, lemuel_fruit_tree
Lair:5:   hellmonk_lair_end_abyssal_woods, layout_misc_corridors, uniq_josephine
Shoals:1: layout_shoals, portal_ice_cave_entry_pillars_four,
          nicolae_shop_self_help, uniq_donald, uniq_roxanne
Shoals:2: layout_shoals, uniq_nikola, uniq_ilsuiw, uniq_polyphemus
Shoals:3: layout_shoals, serial_shops, nicolae_shop_real_fake_doors,
          gammafunk_ghost_cemetery
Shoals:4: shoals_end_hellmonk_lost_city
Spider:1: layout_chambers, hangedman_spider_tarantella_strand
Spider:2: layout_chambers, nicolae_spider_nooks_and_crannies
Spider:3: layout_chambers
Spider:4: hellmonk_spider_rune_endless_swarm
Slime:1:  cheibrodos_slime_lost_civilization_1, layout_caves
Orc:1:    layout_caves, uniq_gastronok
Orc:2:    st_orc_congregation, layout_caves, uniq_urug, uniq_snorg,
          uniq_erolcha, uniq_rupert, uniq_azrael
Elf:1:    eino_elf_arrival_sip, layout_geoelf_grid,
          hangedman_elven_crosses_minicolossus
Elf:2:    nicolae_elf_blades_splatter_lattice [grunt_blade_entry_basic],
          layout_loops_cross, nicolae_trove_entry_free_sample,
          nicolae_shop_dragon_depot, serial_sigils_hangedman_snap,
          nicolae_wooded_promenade, minivault_16, nrook_loot_triangle,
          nicolae_shop_gadgets, uniq_agnes

Skill      XL: |  1  2  3  4  5  6  7  8  9 10 11 12 13 14 15 16 17 18 19 |
---------------+----------------------------------------------------------+-----
Ranged Weapons | 4 5 6 7 8 9 10 12 13 14 16 17 18 | 18.0
Fighting       | 3 4 5 6 7 8 9 11 13 14 15 | 15.0
Stealth        | 2 3 5 7 8 10 11 12 13 | 13.0
Evocations     | 2 5 7 8 11 12 14 | 14.5
Invocations    | 1 2 5 6 |  6.6
Dodging        | 2 5 6 8 9 10 12 | 12.8
Armour         | 1 4 6 8 9 10 | 10.0
Translocations | 2 3 5 10 11 | 11.0
Spellcasting   | 1 4 |  4.7

Action                     |  1- 3 |  4- 6 |  7- 9 | 10-12 | 13-15 | 16-18 | 19-21 || total
---------------------------+-------+-------+-------+-------+-------+-------+-------++-------
  Melee: Hand cannon       |       |       |       |       |     1 |    10 |       ||    11
         Sling             |       |       |       |       |     1 |       |       ||     1
   Fire: Sling             |   154 |   160 |   142 |   381 |   872 |    26 |       ||  1735
         Hand cannon       |       |    74 |   142 |   381 |   872 |  1626 |   490 ||  3585
   Cast: Passage of Golubr |       |       |       |       |       |     1 |       ||     1
 Invoke: Heroism           |       |       |       |     3 |     8 |     5 |     1 ||    17
         Receive Weapon    |       |       |       |       |     1 |       |       ||     1
         Receive Armour    |       |       |       |       |     1 |       |       ||     1
         Finesse           |       |       |       |       |     3 |     2 |     1 ||     6
Ability: Invent Gizmo      |       |       |       |       |     1 |       |       ||     1
  Evoke: Wand              |       |       |       |       |     2 |     2 |     1 ||     5
         Tin of tremorston |       |       |       |       |       |     2 |     1 ||     3
    Use: Scroll            |     4 |     9 |     2 |    17 |    11 |     9 |     5 ||    57
         Potion            |       |       |       |       |     3 |     7 |     2 ||    12
 Armour: Leather armour    |     5 |    14 |    12 |       |       |       |       ||    31
         Acid dragon scale |       |       |    18 |    77 |   225 |   335 |   131 ||   786
  Dodge: Dodged            |     7 |    18 |    25 |    78 |   171 |   310 |   157 ||   766

Table legend: (Time is in decaauts)
 A = Elapsed time spent in this place.
 B = Non-inter-level travel time spent in this place.
 C = Inter-level travel time spent in this place.
 D = Time resting spent in this place.
 E = Time spent auto-exploring this place.
 F = Levels seen in this place.
 G = Mean time per level.
                   A        B        C        D        E       F      G
               +--------+--------+--------+--------+--------+-----+--------+
         Total |  33432 |  30627 |   2805 |   2071 |  22618 |  39 |  857.2 |
       Dungeon |  12726 |  11475 |   1251 |      0 |   9331 |  15 |  848.4 |
          Lair |   5357 |   4675 |    682 |    276 |   3506 |   5 | 1071.4 |
        Shoals |   2814 |   2713 |    101 |    214 |   1873 |   4 |  703.5 |
   Spider Nest |   5945 |   5621 |    324 |      0 |   4998 |   4 | 1486.2 |
    Slime Pits |      7 |      7 |      0 |      0 |      0 |   1 |    7.0 |
  Orcish Mines |   2093 |   1901 |    192 |    627 |    861 |   2 | 1046.5 |
   Elven Halls |   2131 |   1880 |    251 |      0 |   1532 |   2 | 1065.5 |
         Abyss |    330 |    330 |      0 |     70 |    150 |   1 |  330.0 |
         Trove |     45 |     45 |      0 |      0 |      5 |   1 |   45.0 |
       Ossuary |    400 |    400 |      0 |      4 |     96 |   1 |  400.0 |
        Bailey |    193 |    193 |      0 |      0 |     48 |   1 |  193.0 |
      Ice Cave |    745 |    745 |      0 |    632 |      0 |   1 |  745.0 |
      Gauntlet |    640 |    640 |      0 |    248 |    218 |   1 |  640.0 |
               +--------+--------+--------+--------+--------+-----+--------+

Top non-repeatable levels by time:
Spider:2: 1862 daAuts
Spider:1: 1551 daAuts
   Elf:1: 1512 daAuts
     D:9: 1435 daAuts
Spider:4: 1397 daAuts
     D:6: 1376 daAuts
    D:13: 1228 daAuts
  Lair:2: 1219 daAuts
   Orc:1: 1159 daAuts
  Lair:5: 1142 daAuts
Spider:3: 1133 daAuts
  Lair:4: 1088 daAuts
    D:15: 1028 daAuts
  Lair:3: 1019 daAuts
    D:11: 1003 daAuts
